 Dungeon Crawl Stone Soup version 0.28.0-45-g0d030f2227 (webtiles) character file.

Game seed: 8091943968227728069

65 protoss039 the Stinger (level 3, -1/19 HPs)
             Began as a Deep Elf Venom Mage on Apr 5, 2022.
             Slain by an orc wizard
             ... wielding a +2 dagger of electrocution
              (8 damage)
             ... on level 2 of the Dungeon.
             The game lasted 00:03:00 (2409 turns).

protoss039 the Stinger (Deep Elf Venom Mage)        Turns: 2409, Time: 00:03:00

Health: -1/19      AC:  2    Str:  5    XL:     3   Next: 94%
Magic:  0/10       EV: 13    Int: 21    God:
Gold:   114        SH:  0    Dex: 15    Spells: 3/9 levels left

rFire   . . .      SeeInvis .   c - +2 whip (venom)
rCold   . . .      Faith    .   (no shield)
rNeg    . . .      Spirit   .   a - +0 robe
rPois   .          Reflect  .   (no helmet)
rElec   .          Harm     .   (no cloak)
rCorr   .          Rampage  .   (no gloves)
Will    .....                   (no boots)
Stlth   ++........              (no amulet)
HPRegen 0.06/turn               (no ring)
MPRegen 0.12/turn               (no ring)

@: no status effects
A: no striking features
a: no special abilities


You were on level 2 of the Dungeon.
You visited 1 branch of the dungeon, and saw 2 of its levels.

You collected 114 gold pieces.

Inventory:

Hand Weapons
 c - a +2 whip of venom (weapon)
Armour
 a - a +0 robe (worn)
Scrolls
 d - 2 scrolls of noise {unknown}
 f - 2 scrolls of immolation {unknown}
 g - 2 scrolls of identify {unknown}
 h - a scroll of enchant armour {unknown}
 i - a scroll of vulnerability {unknown}
Potions
 b - a potion of heal wounds {unknown}
 e - a potion of brilliance {unknown}


   Skills:
 * Level 3.3 Dodging
 - Level 3.0 Stealth
 + Level 3.7 Spellcasting
 + Level 1.5 Transmutations
 + Level 4.0 Poison Magic


You had 3 spell levels left.
You knew the following spells:

 Your Spells              Type           Power      Damage    Failure   Level
a - Sting                 Tmut/Pois      60%        1d6       3%          1
b - Poisonous Vapours     Pois/Air       24%        N/A       9%          2
c - Mephitic Cloud        Conj/Pois/Air  9%         N/A       22%         3

Your spell library contained the following spells:

 Spells                   Type           Power      Damage    Failure   Level
 Sandblast                Erth           6%         2d5       12%         1
 Passwall                 Tmut/Erth      5%         N/A       14%         2
 Stone Arrow              Conj/Erth      6%         3d7       36%         3
 Olgreb's Toxic Radiance  Pois           21%        N/A       22%         4


Dungeon Overview and Level Annotations

Branches:
Dungeon (2/15)

Altars:
Elyvilon

Shops:
D:2 (


Message History

Aim: an orc, wielding a +2 dagger of holy wrath (heavily wounded, poisoned, 74% to hit)
The sting hits the orc.
The orc looks even sicker.
The orc is almost dead.
You kill the orc!
Casting: Sting (safe; 4% risk of failure)
Confirm with . or Enter, or press ? or * to list all spells.
Aiming: Sting (safe; 4% risk of failure)
Press: ? - help, Shift-Dir - straight line, f - orc
Aim: an orc, wielding a +0 hand axe (almost dead, poisoned, 74% to hit)
The sting hits the orc.
The orc looks even sicker.
You kill the orc!
Something barely misses you.
Casting: Sting (safe; 3% risk of failure)
Confirm with . or Enter, or press ? or * to list all spells.
Aiming: Sting (safe; 3% risk of failure)
Press: ? - help, Shift-Dir - straight line, f - you That beam is likely to hit you.
Continue anyway?
Okay, then.
Casting: Sting (safe; 3% risk of failure)
Confirm with . or Enter, or press ? or * to list all spells.
Aiming: Sting (safe; 3% risk of failure)
Press: ? - help, Shift-Dir - straight line, f - you That beam is likely to hit you.
Continue anyway?
Okay, then.
No target in view!
Unknown command.
Unknown command.
Casting: Sting (safe; 3% risk of failure)
Confirm with . or Enter, or press ? or * to list all spells.
Aiming: Poisonous Vapours (safe; 9% risk of failure)
Press: ? - help, Dir - move target Poisonous vapours surround something!
Something hits you.
Unknown command.
Unknown command.
Casting: Poisonous Vapours (safe; 9% risk of failure)
Confirm with . or Enter, or press ? or * to list all spells.
Aiming: Sting (safe; 3% risk of failure)
Press: ? - help, Shift-Dir - straight line Something hits you.
You are electrocuted!
You die...

######
##..>........#
...$...#.....####...
..... ######.###...
..... #....... ...
#.##.... #. ...
##.##<### #.#####)##
#.....### #....#.{)#
##.##.##. #....#8@8#
#.####.. #....#?..#
#.# #.. #<...##.##
##.####.. #.....#'#
#........ #......#
#........ ####.###
###......## #.#
#.......... #.###
#.....##### #...#
#.....#


There were no monsters in sight!

Vanquished Creatures
  3 dart slugs
  4 orcs (D:2)
  7 ball pythons
  3 bats
  3 endoplasms
  A giant cockroach (D:1)
  5 goblins
  7 hobgoblins (D:1)
  7 kobolds
  3 quokkas
  3 frilled lizards (D:2)
  4 rats
50 creatures vanquished.

Notes
Turn   | Place    | Note
-------+----------+-------------------------------------------
     0 | D:1      | protoss039 the Deep Elf Venom Mage began the quest for the
                  | Orb.
     0 | D:1      | Reached XP level 1. HP: 10/10 MP: 6/6
   397 | D:1      | Reached XP level 2. HP: 15/15 MP: 8/8
   460 | D:1      | Found a faded altar of an unknown god.
  1048 | D:1      | Reached XP level 3. HP: 19/19 MP: 9/9
  1188 | D:1      | Learned a level 2 spell: Poisonous Vapours
  1192 | D:1      | Learned a level 3 spell: Mephitic Cloud
  1224 | D:1      | Reached skill level 4 in Poison Magic
  1819 | D:2      | Found Hanemnilie's Antique Weapon Emporium.
  2066 | D:2      | Found a white marble altar of Elyvilon.
  2399 | D:2      | Found the +1 Delatra's gloves {ID++}
  2409 | D:2      | Slain by an orc wizard

Illustrated notes

Levels and vault maps discovered:
D:1:      co_arrival_random_square_maze, layout_loops_cross,
          basic_ecumenical_altar, corexii_leaking_fountain, minmay_box_of_dots
D:2:      layout_basic, basic_altar, serial_shops, nicolae_shop_waterfront,
          pf_guarded_unrand_delatra

Skill      XL: |  1  2  3 |
---------------+----------+-----
Poison Magic   | 4 |  4.0
Dodging        | 3 |  3.3
Stealth        | 3 |  3.0
Spellcasting   | |  3.7
Transmutations | |  1.5

Action                   || total
-------------------------++-------
Melee: Whip              ||    87
 Cast: Sting             ||    30
       Poisonous Vapours ||     1
 Stab: Sleeping          ||    10
Armor: Robe              ||    19
Dodge: Dodged            ||    69
